 Dungeon Crawl Stone Soup version 0.23.0 (webtiles) character file.

Game seed: 11407015000639171738

36351 vishdafish the Warrior (level 13, -17/158 HPs)
             Began as an Ogre Fighter on Feb 17, 2019.
             Was the Champion of Cheibriados.
             Demolished by a polar bear (21 damage)
             ... on level 5 of the Lair of Beasts.
             The game lasted 01:00:13 (24143 turns).

vishdafish the Warrior (Ogre Fighter)              Turns: 24143, Time: 01:00:14

Health: -17/158    AC:  6    Str: 38    XL:     13   Next: 89%
Magic:  29/29      EV: 11    Int: 40    God:    Cheibriados [******]
Gold:   975        SH:  0    Dex: 23    Spells: 20/22 levels left

rFire    + + .     SeeInvis .   M - +7 giant spiked club
rCold    x . .     Gourm    .   (shield currently unavailable)
rNeg     . . .     Faith    .   w - +0 robe of Plasticity {MR+ Int+3}
rPois    .         Spirit   .   s - +1 hat {Int+3}
rElec    +         Reflect  .   y - +1 cloak
rCorr    .         Harm     .   (gloves unavailable)
MR       ++...                  (boots unavailable)
Stlth    +.........             m - amulet of magic regeneration
HPRegen  0.36/turn              J - ring of magical power
MPRegen  0.46/turn              U - ring of Pride {rElec rF+ rC- Int+4 Stlth-}

@: studying 2 skills, very slow
A: large, unfitting armour, hooves 1, clever 1, fire resistance 1, tough skin 1
a: Bend Time, Temporal Distortion, Slouch, Step From Time, Renounce Religion


You were on level 5 of the Lair of Beasts.
You worshipped Cheibriados.
Cheibriados was exalted by your worship.
You were not hungry.

You visited 3 branches of the dungeon, and saw 20 of its levels.
You also visited: Sewer and Bailey.

You collected 1185 gold pieces.
You spent 210 gold pieces at shops.

Inventory:

Hand Weapons
 M - a +7 giant spiked club (weapon)
Missiles
 j - 8 javelins of returning (quivered)
 H - 6 large rocks
Armour
 b - a +0 robe
 c - a +0 shield
 s - a +1 hat of intelligence (worn)
 w - the +0 robe of Plasticity (worn) {MR+ Int+3}
   (You found it on level 9 of the Dungeon)

   It affects your intelligence (+3).
   It affects your resistance to hostile enchantments.
 y - a +1 cloak (worn)
 A - a +1 robe of magic resistance
Magical Staves
 k - an uncursed staff of summoning
 W - an uncursed staff of wizardry
Jewellery
 m - an amulet of magic regeneration (around neck)
 J - a ring of magical power (left hand)
 Q - an uncursed ring of flight
 U - the ring of Pride (right hand) {rElec rF+ rC- Int+4 Stlth-}
   (You found it on level 2 of the Lair of Beasts)

   [ring of attention]

   It affects your intelligence (+4).
   It protects you from fire.
   It makes you vulnerable to cold.
   It insulates you from electricity.
   It makes you less stealthy.
Wands
 B - a wand of scattershot (6)
 I - a wand of polymorph (2)
 L - a wand of iceblast (9)
 P - a wand of flame (19)
Scrolls
 a - 3 scrolls of fear
 d - 6 scrolls of teleportation
 l - 2 scrolls of random uselessness
 n - 3 scrolls of immolation
 o - 3 scrolls of enchant armour
 p - 10 scrolls of remove curse
 q - 3 scrolls of blinking
 C - 3 scrolls of amnesia
 E - 7 scrolls of fog
 S - a scroll of torment {unknown}
 T - 3 scrolls of vulnerability
Potions
 e - 6 potions of curing
 g - a potion of might
 h - a potion of invisibility
 i - 6 potions of lignification
 r - 7 potions of brilliance
 t - 2 potions of flight
 u - 2 potions of agility
 v - a potion of experience {unknown}
 x - a potion of berserk rage {unknown}
 z - a potion of resistance
 D - a potion of mutation
 F - a potion of ambrosia {unknown}
 G - a potion of magic {unknown}
 K - 3 potions of haste
Books
 N - a manual of Fighting
 O - a manual of Armour
Comestibles
 f - 36 rations


   Skills:
 * Level 17.8 Fighting
 + Level 12.1 Maces & Flails
 - Level 11.3 Throwing
 - Level 2.6 Dodging
 - Level 5.0 Shields
 - Level 5.0 Spellcasting
 - Level 4.1 Transmutations
 - Level 7.3 Invocations


You had 20 spell levels left.
You knew the following spells:

 Your Spells              Type           Power        Failure   Level  Hunger
a - Sticks to Snakes      Tmut           #####...     1%          2    None

Your spell library contained the following spells:

 Spells                   Type           Power        Failure   Level  Hunger
 Beastly Appendage        Tmut           #####.       1%          1    None
 Animate Skeleton         Necr           N/A          3%          1    None
 Apportation              Tloc           ##....       3%          1    None
 Confusing Touch          Hex            ##....       3%          1    None
 Magic Dart               Conj           ##..         3%          1    None
 Summon Small Mammal      Summ           ##..         3%          1    None
 Spider Form              Tmut/Pois      ####......   3%          3    None
 Searing Ray              Conj           ##....       4%          2    None
 Dazzling Spray           Conj/Hex       ##....       9%          3    None
 Ice Form                 Ice/Tmut       ####....     13%         4    ##.....
 Blade Hands              Tmut           #####.....   16%         5    ####...
 Force Lance              Conj/Tloc      ##......     28%         4    ##.....
 Fulminant Prism          Conj/Hex       ##........   28%         4    ##.....
 Iskenderun's Mystic Bla  Conj           ##......     28%         4    ##.....


Dungeon Overview and Level Annotations

Branches:
Dungeon (13/15)            Temple (1/1) D:4            Lair (6/6) D:11
 Shoals (0/4) Lair:2       Spider (0/4) Lair:4        Slime (0/5) Lair:5
    Orc (0/2) D:9
 Vaults: D:13-14

Altars:
Ashenzari
Cheibriados
Dithmenos
Elyvilon
Fedhas
Gozag
Hepliaklqana
Kikubaaqudgha
Makhleb
Nemelex Xobeh
Okawaru
Qazlal
Ru
Sif Muna
Trog
Uskayaw
Vehumet
Wu Jian
Xom
Yredelemnul
Zin
The Shining One
Jiyva

Shops:
D:10 *%[}?   D:11 (


Innate Abilities, Weirdness & Mutations

You are too large for most types of armour.
You have tough skin. (AC +1)
You have large cloven feet.
Your mind is acute. (Int +2)
Your flesh is heat resistant. (rF+)


Message History

* * * LOW HITPOINT WARNING * * *
You closely miss the polar bear. You kick the polar bear.
The polar bear is severely wounded.
The polar bear bites you!
* * * LOW HITPOINT WARNING * * *
The polar bear claws you but does no damage.
The polar bear barely misses you.
The polar bear goes berserk!
You feel much better. The polar bear bites you!
* * * LOW HITPOINT WARNING * * *
The polar bear closely misses you. The polar bear claws you.
* * * LOW HITPOINT WARNING * * *
You barely miss the polar bear.
You kick the polar bear, but do no damage.
The polar bear is severely wounded.
The polar bear bites you!
* * * LOW HITPOINT WARNING * * *
The polar bear claws you.
* * * LOW HITPOINT WARNING * * *
The polar bear barely misses you. The polar bear bites you!!
You die...

..............<........### ###
.........................######P#
...........#..#PPP......##..#....
..[.........###..................
.........#### ###.............##.
P........P# ###..............###
..........####...............####
............##P†...............#.
.....##.#....P..@†...............
.....#####.....h.#.###...........
.......###.P.....#####...........
........##.....### #P.......##..
........###...## ##.....P#.#..
...##...##.#..## ##...P....#.#.
P.#####....P...# #...P##.......
#.# #......P.# #...####.#.... .##
#.......P## ##....##..##...


You could see a polar bear (berserk).

Vanquished Creatures
  Gastronok (D:11)
  Kirke (D:12)
  Erolcha (D:10)
  A hydra (Lair:4)
  A centaur warrior (D:13)
  A tengu warrior (D:12)
  A queen ant (Lair:2)
  A two-headed ogre (D:12)
  Nergalle (Lair:3)
  An unseen horror (D:12)
  2 ugly things (D:12)
  A deep elf mage (D:12)
  5 elephants
  3 black mambas
  2 centaur skeletons
  A gargoyle (D:11)
  4 rime drakes
  7 spiny frogs
  6 komodo dragons
  A kobold demonologist (D:12)
  A troll (D:10)
  A tengu conjurer (D:10)
  A polar bear (Lair:4)
  Prince Ribbit (D:7)
  4 blink frogs (Lair:1)
  4 hippogriffs
  A shadow (D:12)
  Sigmund (D:6)
  A vampire (D:11)
  2 wraiths
  5 wyverns
  11 yaks
  2 hogs (D:12)
  A basilisk (Lair:3)
  Grum (Lair:1)
  2 wargs (D:11)
  7 soldier ants (Lair:2)
  8 porcupines
  13 water moccasins
  A sky beast (D:10)
  14 orc warriors
  An ice beast (D:7)
  5 ogres
  14 wolves
  6 big kobolds
  11 centaurs
  12 crocodiles
  9 bullfrogs
  2 scorpions
  13 killer bees
  13 wights
  4 howler monkeys
  2 bullfrog zombies
  6 crimson imps
  A centaur zombie (D:5)
  A quasit (D:9)
  7 hounds
  13 orc priests
  Crazy Yiuf (D:4)
  A bullfrog skeleton (D:13)
  A gnoll shaman (D:6)
  16 orc wizards
  2 jellies
  Ijyb (D:5)
  7 iguanas
  31 worker ants
  A hound skeleton (D:5)
  A howler monkey zombie (D:6)
  2 worker ant zombies
  20 adders
  5 gnolls (D:6)
  5 river rats (Sewer)
  5 shadow imps
  An ooze (D:1)
  5 worms
  10 leopard geckos
  76 orcs
  7 giant cockroaches
  7 hobgoblins
  8 jackals
  3 quokkas
  8 ball pythons
  7 bats
  5 frilled lizards
  7 goblins
  53 kobolds
  29 rats
  A plant (D:2)
570 creatures vanquished.

Vanquished Creatures (others)
  A human (D:12)
  An adder (D:12)
  7 fungi
  4 plants
13 creatures vanquished.

Grand Total: 583 creatures vanquished

Notes
Turn   | Place    | Note
-------+----------+-------------------------------------------
     0 | D:1      | vishdafish the Ogre Fighter began the quest for the Orb.
     0 | D:1      | Reached XP level 1. HP: 24/24 MP: 1/1
    95 | D:1      | Reached XP level 2. HP: 32/32 MP: 2/2
   693 | D:1      | Reached XP level 3. HP: 40/40 MP: 3/3
  1288 | D:2      | Found a glowing silver altar of Zin.
  1339 | D:2      | Found a shadowy altar of Dithmenos.
  1567 | D:2      | Reached XP level 4. HP: 12/49 MP: 4/4
  2344 | D:2      | Reached skill level 5 in Fighting
  2344 | D:2      | Reached XP level 5. HP: 53/57 MP: 5/5
  2890 | D:3      | Found a stormy altar of Qazlal.
  3072 | D:3      | Found a glowing drain.
  3099 | Sewer    | Entered a sewer
  3282 | Sewer    | Reached XP level 6. HP: 44/66 MP: 6/6
  4990 | D:4      | Reached skill level 6 in Fighting
  5014 | D:4      | Found a staircase to the Ecumenical Temple.
  5023 | Temple   | Entered the Ecumenical Temple
  5079 | Temple   | Became a worshipper of Cheibriados the Contemplative
  5226 | D:4      | Found a runed translucent door.
  5227 | D:4      | Noticed Crazy Yiuf
  5325 | D:4      | Reached XP level 7. HP: 63/75 MP: 7/7
  5336 | D:4      | Got a dazzling mace
  5337 | D:4      | Identified the +10 mace "Hoikk" {speed, +Fly} (You found it
                  | on level 4 of the Dungeon)
  5495 | D:4      | Reached skill level 5 in Maces & Flails
  5783 | D:4      | Killed Crazy Yiuf
  5838 | D:5      | Entered Level 5 of the Dungeon
  6332 | D:6      | Found a bloodstained altar of Trog.
  6425 | D:6      | Reached * piety under Cheibriados
  6430 | D:6      | Noticed Sigmund
  6444 | D:6      | Killed Sigmund
  6444 | D:6      | Reached skill level 7 in Fighting
  6444 | D:6      | Reached XP level 8. HP: 56/87 MP: 8/8
  6558 | D:6      | Found a sparkling altar of Nemelex Xobeh.
  6684 | D:6      | Reached skill level 5 in Shields
  6847 | D:6      | Found a deep blue altar of Sif Muna.
  7163 | D:7      | Reached skill level 8 in Fighting
  7244 | D:7      | Found a radiant altar of Vehumet.
  7264 | D:7      | Reached ** piety under Cheibriados
  7285 | D:7      | Reached XP level 9. HP: 41/97 MP: 9/9
  7582 | D:7      | Reached skill level 9 in Fighting
  7626 | D:7      | Noticed Prince Ribbit
  7725 | D:7      | Killed Prince Ribbit
  8404 | D:8      | Reached *** piety under Cheibriados
  8428 | D:8      | Reached skill level 10 in Fighting
  8607 | D:8      | Found a shattered altar of Ashenzari.
  9188 | D:9      | Reached XP level 10. HP: 92/111 MP: 10/10
  9220 | D:9      | Reached **** piety under Cheibriados
  9297 | D:9      | Reached skill level 10 in Maces & Flails
  9666 | D:9      | Found a staircase to the Orcish Mines.
 10001 | D:9      | Reached skill level 11 in Fighting
 10627 | D:9      | Got a twisted robe
 10636 | D:9      | Reached ***** piety under Cheibriados
 10725 | D:9      | Identified the +0 robe of Plasticity {MR+ Int+3} (You found
                  | it on level 9 of the Dungeon)
 11433 | D:10     | Entered Level 10 of the Dungeon
 12005 | D:10     | Found Houji's General Store.
 12015 | D:10     | Reached skill level 1 in Invocations
 12028 | D:10     | Learned a level 2 spell: Sticks to Snakes
 12076 | D:10     | Found Eqozesk's Food Boutique.
 12467 | D:5      | Found a hazy altar of Hepliaklqana.
 12694 | D:5      | Noticed Ijyb
 12704 | D:5      | Killed Ijyb
 12704 | D:5      | Reached skill level 1 in Throwing
 12767 | D:5      | Found an iron altar of Okawaru.
 12977 | D:10     | Found Goeko's Armour Shoppe.
 13001 | D:10     | Found Juafeax's Gadget Shop.
 13604 | D:10     | Found Vaomp's Magic Scroll Boutique.
 13610 | D:10     | Bought a scroll of blinking for 105 gold pieces
 13610 | D:10     | Bought a scroll of fog for 28 gold pieces
 13610 | D:10     | Bought a scroll of identify for 28 gold pieces
 13610 | D:10     | Bought a scroll of immolation for 49 gold pieces
 13716 | D:10     | Reached XP level 11. HP: 102/123 MP: 13/13
 13795 | D:10     | Noticed Erolcha
 13801 | D:10     | Killed Erolcha
 14129 | D:11     | Reached skill level 5 in Throwing
 14182 | D:11     | Found Doxzeyl's Antique Weapon Emporium.
 14258 | D:11     | Found a flagged portal.
 14268 | Bailey   | Entered a bailey
 14634 | Bailey   | Reached skill level 5 in Invocations
 14723 | Bailey   | Reached ****** piety under Cheibriados
 16036 | D:11     | Found a staircase to the Lair.
 16504 | D:11     | Noticed Gastronok
 16510 | D:11     | Killed Gastronok
 16510 | D:11     | Reached XP level 12. HP: 108/132 MP: 17/17
 16564 | D:11     | You fall through a shaft for 2 floors!
 16580 | D:13     | Noticed a centaur warrior
 16586 | D:13     | Killed a centaur warrior
 16598 | D:12     | Noticed a tengu warrior
 16600 | D:12     | Killed a tengu warrior
 16627 | D:12     | Reached skill level 12 in Fighting
 16669 | D:12     | Noticed Kirke
 16670 | D:12     | Reached skill level 1 in Spellcasting
 16673 | D:12     | Reached skill level 1 in Transmutations
 16682 | D:12     | Killed Kirke
 17419 | D:12     | Reached skill level 10 in Throwing
 17518 | D:12     | Noticed a two-headed ogre
 17525 | D:12     | Killed a two-headed ogre
 17525 | D:12     | Reached skill level 13 in Fighting
 18147 | Lair:1   | Entered Level 1 of the Lair of Beasts
 18759 | Lair:1   | Reached XP level 13. HP: 145/145 MP: 19/19
 18912 | Lair:1   | Noticed Grum
 18924 | Lair:1   | Killed Grum
 19174 | Lair:2   | Reached skill level 14 in Fighting
 19342 | Lair:2   | Got a crude wooden ring
 19343 | Lair:2   | Identified the ring of Pride {rElec rF+ rC- Int+4 Stlth-}
                  | (You found it on level 2 of the Lair of Beasts)
 19411 | Lair:2   | Reached skill level 5 in Spellcasting
 19797 | Lair:2   | Found a staircase to the Shoals.
 21174 | Lair:3   | Reached skill level 15 in Fighting
 21295 | Lair:3   | Noticed Nergalle
 21300 | Lair:3   | Killed Nergalle
 21696 | Lair:4   | Reached skill level 16 in Fighting
 22047 | Lair:4   | Found an iron altar of Okawaru.
 22056 | Lair:4   | Found a hole to the Spider Nest.
 22100 | Lair:4   | Gained mutation: Your mind is acute. (Int +2) [potion of
                  | mutation]
 22100 | Lair:4   | Gained mutation: You have large cloven feet. [potion of
                  | mutation]
 22100 | Lair:4   | Gained mutation: Your flesh is heat resistant. (rF+)
                  | [potion of mutation]
 22760 | Lair:5   | Found a viscous altar of Jiyva.
 22760 | Lair:5   | Found a staircase to the Slime Pits.
 22945 | Lair:5   | Reached skill level 17 in Fighting
 23972 | Lair:6   | Entered Level 6 of the Lair of Beasts
 24143 | Lair:5   | HP: 4/158 [polar bear (5)]
 24143 | Lair:5   | Demolished by a polar bear

Skill      XL: |  1  2  3  4  5  6  7  8  9 10 11 12 13 |
---------------+----------------------------------------+-----
Maces & Flails | 2 3 4 5 7 9 11 12 | 12.1
Shields        | 3 4 5 |  5.0
Fighting       | 5 6 7 8 10 11 13 17 | 17.8
Invocations    | 3 6 7 |  7.3
Throwing       | 3 8 10 11 | 11.3
Spellcasting   | 4 5 |  5.0
Transmutations | 3 4 |  4.1
Dodging        | |  2.6

Action                   |  1- 3 |  4- 6 |  7- 9 | 10-12 | 13-15 || total
-------------------------+-------+-------+-------+-------+-------++-------
Melee: Flail             |   117 |   405 |   155 |       |       ||   677
       Giant spiked club |       |       |    69 |   263 |   121 ||   453
       Dire flail        |       |       |   197 |   104 |       ||   301
       Unarmed           |       |       |       |     2 |       ||     2
       Kick              |       |       |       |       |    17 ||    17
Throw: Large rock        |       |       |       |    17 |       ||    17
       Javelin           |       |       |       |   201 |   170 ||   371
Invok: Bend Time         |       |       |       |     1 |     1 ||     2
Evoke: Wand              |     3 |       |     6 |       |       ||     9
  Use: Potion            |     2 |     4 |       |    10 |     4 ||    20
       Scroll            |       |     3 |     1 |    17 |     7 ||    28
 Stab: Sleeping          |     1 |       |     2 |       |     1 ||     4
       Paralysed         |     2 |       |     5 |       |       ||     7
  Eat: Chunk             |     2 |    13 |     9 |     5 |     4 ||    33
       Ration            |       |       |       |     3 |     2 ||     5
Armor: Robe              |    41 |    79 |   126 |   137 |    53 ||   436
Dodge: Dodged            |    37 |   156 |   196 |   367 |   108 ||   864
Block: Shield            |    63 |   183 |    77 |       |       ||   323
